 Dungeon Crawl Stone Soup version 0.21-a0-522-ga8338f0 (webtiles) character file.

53 slep the Skirmisher (level 3, 0/20 HPs)
             Began as a Vine Stalker Fighter on Dec 7, 2017.
             Slain by a kobold
             ... wielding a +0 short sword
              (1 damage)
             ... on level 2 of the Dungeon.
             The game lasted 00:03:03 (465 turns).

slep the Skirmisher (Vine Stalker Fighter)           Turns: 465, Time: 00:03:04

Health: 0/20       AC:  6    Str: 18    XL:     3   Next: 87%
Magic:  0/4        EV:  7    Int:  8    God:
Gold:   65         SH:  9    Dex: 14    Spells: 2/2 levels left

rFire    . . .     SeeInvis .   a - +0 war axe
rCold    . . .     Gourm    .   c - +0 shield
rNeg     . . .     Faith    .   b - +0 scale mail
rPois    .         Spirit   +   (no helmet)
rElec    .         Reflect  .   (no cloak)
rCorr    .         Harm     .   (no gloves)
MR       +....                  (no boots)
Stlth    ..........             (no amulet)
HPRegen  0.06/turn              i - ring of protection from magic
MPRegen  0.09/turn              (no ring)

@: no status effects
A: fangs 2, magic shield, antimagic bite, no potion heal 3, rot immunity
a: no special abilities


You were on level 2 of the Dungeon.
You were not hungry.

You visited 1 branch of the dungeon, and saw 2 of its levels.

You collected 65 gold pieces.

Inventory:

Hand Weapons
 a - a +0 war axe (weapon)
Missiles
 e - a throwing net (quivered)
Armour
 b - a +0 scale mail (worn)
 c - a +0 shield (worn)
Jewellery
 i - a ring of protection from magic (left hand)
Scrolls
 g - 5 scrolls of identify {unknown}
 h - 2 scrolls of teleportation {unknown}
 l - a scroll of fog {unknown}
 n - a scroll of enchant weapon {unknown}
Potions
 d - a potion of might
 j - a potion of heal wounds {unknown}
 k - 2 potions of berserk rage {unknown}
 m - a potion of agility {unknown}
Comestibles
 f - a bread ration


   Skills:
 + Level 3.2 Fighting
 + Level 2.3 Axes
 + Level 2.9 Armour
 + Level 0.1 Dodging
 + Level 2.9 Shields


You had 2 spell levels left.
You didn't know any spells.

Dungeon Overview and Level Annotations

Branches:
Dungeon (2/15)

Altars:
Trog
Vehumet


Innate Abilities, Weirdness & Mutations

You have extremely sharp teeth.
When hurt, damage is shared between your health and your magic reserves.
Your bite disrupts and absorbs the magic of your enemies.
Potions cannot restore your health.
You are immune to rotting.


Message History

g - 5 scrolls labeled WIZIFU NOEJ (gained 2)
A worm comes into view.
A kobold comes into view. It is wielding a short sword.
The kobold shouts!
You slash the worm!
The worm is severely wounded.
The worm bites you.
* * * LOW HITPOINT WARNING * * *
You hit the worm.
The worm is severely wounded.
You block the worm's attack.
You barely miss the worm.
The worm is severely wounded.
The worm bites you.
* * * LOW HITPOINT WARNING * * *
The kobold hits you but does no damage.
You hit the worm. You bite the worm, but do no damage.
The worm is severely wounded.
You closely miss the kobold. The kobold hits you with a short sword.
You die...

.# #.... .?. ....
..##... ### ...>..##.###
#...##.... # ##
#...##..###.#
##..#.Kw##......#...
.......@............
##.....†)###############
#.......##..#..###.....
#...........#.........#
#.....................#
#...........##......†.#
####.########.....†....
#. #.........# ##
#.#..###..#


You could see a worm and a kobold.

Vanquished Creatures
  An adder (D:2)
  An ooze (D:1)
  A worm (D:2)
  2 dart slugs (D:1)
  2 giant cockroaches (D:2)
  3 goblins (D:1)
  6 hobgoblins
  6 kobolds
  3 bats
  2 frilled lizards (D:1)
  5 rats (D:1)
32 creatures vanquished.

Notes
Turn   | Place    | Note
-------+----------+-------------------------------------------
     0 | D:1      | slep the Vine Stalker Fighter began the quest for the Orb.
     0 | D:1      | Reached XP level 1. HP: 11/11 MP: 2/2
    63 | D:1      | Reached XP level 2. HP: 13/16 MP: 1/3
   218 | D:1      | Reached skill level 3 in Fighting
   256 | D:1      | Reached XP level 3. HP: 5/20 MP: 4/4
   372 | D:2      | Found a bloodstained altar of Trog.
   385 | D:2      | Found a radiant altar of Vehumet.
   464 | D:2      | HP: 1/20 [worm (3)]
   465 | D:2      | Slain by a kobold

Vault maps used:
D:1:      lemuel_arrival_broad_hall
D:2:      grunt_temple_overflow_open, first_bread, minmay_misc_feat_rugged,
          guppyfry_early_lair_pool

Skill      XL: |  1  2 |
---------------+-------+-----
Axes           | 2 |  2.3
Fighting       | 3 |  3.2
Armour         | |  2.9
Dodging        | |  0.1
Shields        | |  2.9

Action                   || total
-------------------------++-------
Melee: War axe           ||    81
       Bite              ||    27
Armor: Scale mail        ||    26
Dodge: Dodged            ||    19
Block: Shield            ||    38

Table legend:
 A = Spawn XP
 B = Non-spawn XP
 C = Spawn XP percentage of total XP
 D = Spawn monster count
 E = Non-spawn monster count
 F = Spawn count percentage of total count
 G = Total turns spent on level
                    A         B        C        D         E        F      G
               +---------+---------+-------+---------+---------+-------+---------
         Total |       0 |      76 |   0.0 |       0 |      32 |   0.0 |   465
               +---------+---------+-------+---------+---------+-------+---------
           D:1 |       0 |      43 |   0.0 |       0 |      23 |   0.0 |   358
           D:2 |       0 |      33 |   0.0 |       0 |       9 |   0.0 |   107
               +---------+---------+-------+---------+---------+-------+---------
